 Dungeon Sprint DCSS version 0.23.0 (webtiles) character file.

Game seed: 6174826607019052104

752000000 Fang the Conqueror (level 27, 66/249 HPs)
             Began as a Demonspawn Gladiator on Feb 13, 2019.
             Was the Champion of Makhleb.
             Escaped with the Orb!
             The game lasted 00:28:59 (3760 turns).

Fang the Conqueror (Demonspawn Gladiator)           Turns: 3760, Time: 00:29:00

Health: 66/249     AC: 17    Str: 26    XL:     27
Magic:  15/48      EV: 29    Int:  9    God:    Makhleb [******]
Gold:   0          SH:  0    Dex: 17    Spells: 80/80 levels left

rFire    . . .     SeeInvis +   l - +∞ Axe of Woe
rCold    . . .     Gourm    .   (shield currently unavailable)
rNeg     + . .     Faith    .   f - +0 plate armour {rN+}
rPois    .         Spirit   +   (helmet unavailable)
rElec    .         Reflect  .   (no cloak)
rCorr    .         Harm     .   (no gloves)
MR       ++...     NoTele   +   (no boots)
Stlth    ++++......             (no amulet)
HPRegen  0.51/turn              p - ring of see invisible
MPRegen  0.62/turn              c - +27000 ring of slaying

@: fainting
A: horns 3, deformed body, low mp 1, nightstalker 3, augmentation 3, magic
shield, magic regeneration, magic link, subdued magic 1, sturdy frame 3
0: Orb of Zot
a: Minor Destruction, Lesser Servant of Makhleb, Major Destruction, Greater
Servant of Makhleb, Renounce Religion


You escaped.
You worshipped Makhleb.
Makhleb was exalted by your worship.
You were fainting.

You visited 1 branch

Inventory:

Hand Weapons
 a - a +0 war axe
 l - the +∞ Axe of Woe (weapon)
   (You found it in the Dungeon)
Missiles
 d - 3 throwing nets (quivered)
Armour
 b - a +0 leather armour
 f - a +0 plate armour of positive energy (worn)
 s - a +0 plate armour
Jewellery
 c - a +27000 ring of slaying (right hand)
 p - a ring of see invisible (left hand)
 q - an uncursed ring of protection from fire
Scrolls
 k - a scroll of blinking
Potions
 e - a potion of curing
 g - a potion of heal wounds
 h - a potion of haste
 i - 2 potions of magic
 j - a potion of berserk rage


   Skills:
 O Level 27 Fighting
 O Level 27 Short Blades
 O Level 27 Long Blades
 O Level 27 Axes
 O Level 27 Maces & Flails
 O Level 27 Polearms
 O Level 27 Staves
 O Level 27 Slings
 O Level 27 Bows
 O Level 27 Crossbows
 O Level 27 Throwing
 O Level 27 Armour
 O Level 27 Dodging
 O Level 27 Stealth
 O Level 27 Shields
 O Level 27 Unarmed Combat
 O Level 27 Spellcasting
 O Level 27 Conjurations
 O Level 27 Hexes
 O Level 27 Charms
 O Level 27 Summonings
 O Level 27 Necromancy
 O Level 27 Translocations
 O Level 27 Transmutations
 O Level 27 Fire Magic
 O Level 27 Ice Magic
 O Level 27 Air Magic
 O Level 27 Earth Magic
 O Level 27 Poison Magic
 O Level 27 Invocations
 O Level 27 Evocations


You had 80 spell levels left.
You didn't know any spells.
Your spell library was empty.

Dungeon Overview and Level Annotations

Branches:
Dungeon (1/1)

Altars:
Makhleb


Innate Abilities, Weirdness & Mutations

You have a pair of large horns on your head.
You are completely attuned to the shadows.
Your magical and physical power is greatly enhanced at high health.
When hurt, damage is shared between your health and your magic reserves.
You regenerate magic rapidly.
When low on magic, you restore magic in place of health.
Your movements are significantly less encumbered by armour. (ER -6)
Armour fits poorly on your strangely shaped body.
Your magical capacity is low. (-10% MP)
Your spells are a little easier to cast, but a little less powerful.


Message History

You slice the efreet like a ripe choko!!!!!!!!!!
You butcher the efreet messily.
You kill the efreet!
Makhleb accepts your kill.
You feel better.
You chop the white imp into pieces!!!!!!!!!!
You dissect the white imp like a pig carcass.
You kill the white imp!
You slice the ufetubus like a ripe choko!!!!!!!!!!!
You hew the ufetubus savagely.
You kill the ufetubus!
You cut the neqoxec into ribbons!!!!!!!!!!!
You cleave the neqoxec in twain.
You kill the neqoxec!
Makhleb accepts your kill.
The white imp disappears in a puff of smoke!
You hear a shout!
Unknown command.
You hear a shout! x2
You have escaped!

........................).=)))..)
..#.................)..........)#
...#........#.......#...)..).)..)
......#.....#......[#...........#
...#......###.......###....).....
....).)........###....)...))...##
.......#........_.§......))).....
.....#.......#..§§§#......)#)#...
###..........#_)@)_#.....)...)...
#.)..#.......#.)§).#...)..#.#.#..
.......#........§§§..............
..)............###§........#.#.#.
).........###..○....###.)........
.........)).#.......#.....)......
.........)))#)......#.)..........
...#...)))))))......)....))).....
..#)#)#)..))))..........#)))#....


There were no monsters in sight!

Vanquished Creatures
  147 orcs (D)
  13 pandemonium lords (D)
  2 profane servitors (D)
  3 Brimstone Fiends (D)
  10 Tzitzimimeh (D)
  6 liches (D)
  6 Ice Fiends (D)
  A hellephant (D)
  A tentacled monstrosity (D)
  8 Hell Sentinels (D)
  20 Orb Guardians (D)
  4 Executioners (D)
  A daeva (D)
  5 balrugs (D)
  A warmonger (D)
  A black sun (D)
  2 cacodemons (D)
  2 angels (D)
  5 reapers (D)
  5 lorocyprocas (D)
  3 blizzard demons (D)
  4 green deaths (D)
  A great orb of eyes (D)
  2 monstrous demonspawn (D)
  2 rakshasas (D)
  4 hell beasts (D)
  10 sun demons (D)
  7 soul eaters (D)
  7 sixfirhies (D)
  A cherub (D)
  2 gelid demonspawn (D)
  3 torturous demonspawn (D)
  3 shadow demons (D)
  2 rust devils (D)
  2 toenail golems (D)
  3 smoke demons (D)
  5 hellions (D)
  3 orange demons (D)
  2 efreet (D)
  A hellwing (D)
  7 ice devils (D)
  6 tormentors (D)
  2 demonic crawlers (D)
  9 red devils (D)
  8 large abominations (D)
  6 starcursed masses (D)
  4 ynoxinuls (D)
  7 neqoxecs (D)
  16 golden eyes (D)
  5 chaos spawn (D)
  2 crimson imps (D)
  Dispater (D)
  4 vampire knights (D)
  24 ogres (D)
  6 two-headed ogres (D)
417 creatures vanquished.

Vanquished Creatures (others)
  5 ball lightnings (D)
5 creatures vanquished.

Grand Total: 422 creatures vanquished

Notes
Turn   | Place    | Note
-------+----------+-------------------------------------------
     0 | D        | Found the +∞ Axe of Woe
     0 | D        | Fang the Demonspawn Gladiator began the quest for the Orb.
     0 | D        | Reached XP level 1. HP: 16/16 MP: 1/1
     4 | D        | Became a worshipper of Makhleb the Destroyer
     5 | D        | Noticed a bag of meat
     5 | D        | Noticed a bag of meat
     6 | D        | Noticed a bag of meat
     6 | D        | Noticed a bag of meat
    10 | D        | Killed a bag of meat
    10 | D        | Gained mutation: When hurt, damage is shared between your
                  | health and your magic reserves. [demonic ancestry]
    10 | D        | Reached XP level 2. HP: 43/43 MP: 2/2
    10 | D        | Reached XP level 3. HP: 49/49 MP: 3/3
    10 | D        | Reached XP level 4. HP: 56/56 MP: 4/4
    10 | D        | Gained mutation: You regenerate magic rapidly. [demonic
                  | ancestry]
    10 | D        | Reached XP level 5. HP: 62/62 MP: 5/5
    10 | D        | Gained mutation: Your movements are slightly less
                  | encumbered by armour. (ER -2) [demonic ancestry]
    10 | D        | Reached XP level 6. HP: 69/69 MP: 6/6
    10 | D        | Gained mutation: Your movements are less encumbered by
                  | armour. (ER -4) [demonic ancestry]
    10 | D        | Reached XP level 7. HP: 75/75 MP: 7/7
    10 | D        | Reached XP level 8. HP: 82/82 MP: 8/8
    10 | D        | Gained mutation: You have a pair of small horns on your
                  | head. [demonic ancestry]
    10 | D        | Reached XP level 9. HP: 88/88 MP: 9/9
    10 | D        | Gained mutation: You are slightly more attuned to the
                  | shadows. [demonic ancestry]
    10 | D        | Reached XP level 10. HP: 95/95 MP: 10/10
    10 | D        | Reached XP level 11. HP: 101/101 MP: 11/11
    11 | D        | Killed a bag of meat
    11 | D        | Reached * piety under Makhleb
    11 | D        | Reached skill level 15 in Axes
    11 | D        | Reached skill level 15 in Throwing
    11 | D        | Reached skill level 15 in Dodging
    11 | D        | Gained mutation: You have a pair of horns on your head.
                  | [demonic ancestry]
    11 | D        | Reached XP level 12. HP: 94/113 MP: 9/12
    11 | D        | Killed a bag of meat
    11 | D        | Reached XP level 13. HP: 102/122 MP: 9/13
    13 | D        | Killed a bag of meat
    13 | D        | Gained mutation: You are significantly more attuned to the
                  | shadows. [demonic ancestry]
    13 | D        | Reached XP level 14. HP: 133/133 MP: 9/14
    15 | D        | Noticed a bag of meat
    21 | D        | Killed a bag of meat
    21 | D        | Reached ** piety under Makhleb
    29 | D        | Noticed a meat berserker
    29 | D        | Noticed a bag of meat
    30 | D        | Noticed a bag of meat
    30 | D        | Noticed a bag of meat
    31 | D        | Killed a meat berserker
    31 | D        | Gained mutation: You have a pair of large horns on your
                  | head. [demonic ancestry]
    31 | D        | Reached XP level 15. HP: 146/146 MP: 13/15
    34 | D        | Reached *** piety under Makhleb
    34 | D        | Reached XP level 16. HP: 157/157 MP: 14/16
    35 | D        | Noticed a destroyer
    35 | D        | Noticed a meat berserker
    35 | D        | Noticed a large bag of meat
    35 | D        | Noticed a meat berserker
    36 | D        | Reached **** piety under Makhleb
    36 | D        | Reached XP level 17. HP: 169/169 MP: 15/17
    37 | D        | Reached skill level 27 in Fighting
    37 | D        | Reached ***** piety under Makhleb
    37 | D        | Gained mutation: Your magical and physical power is
                  | slightly enhanced at high health. [demonic ancestry]
    37 | D        | Reached XP level 18. HP: 182/182 MP: 15/18
    39 | D        | Reached skill level 27 in Axes
    39 | D        | Reached skill level 27 in Throwing
    39 | D        | Reached skill level 27 in Dodging
    39 | D        | Reached skill level 5 in Armour
    39 | D        | Reached skill level 5 in Unarmed Combat
    39 | D        | Reached skill level 5 in Spellcasting
    40 | D        | Killed a destroyer
    40 | D        | Reached skill level 15 in Invocations
    40 | D        | Reached XP level 19. HP: 189/189 MP: 16/34
    41 | D        | Killed a meat berserker
    41 | D        | Reached skill level 15 in Stealth
    41 | D        | Killed a meat berserker
    41 | D        | Gained mutation: When low on magic, you restore magic in
                  | place of health. [demonic ancestry]
    41 | D        | Reached XP level 20. HP: 197/197 MP: 16/40
    44 | D        | Killed a large bag of meat
    44 | D        | Reached ****** piety under Makhleb
    46 | D        | Reached skill level 27 in Invocations
    46 | D        | Reached XP level 21. HP: 204/204 MP: 18/45
    72 | D        | Reached skill level 27 in Stealth
    72 | D        | Gained mutation: Your magical and physical power is
                  | enhanced at high health. [demonic ancestry]
    72 | D        | Reached XP level 22. HP: 212/212 MP: 21/52
    77 | D        | Reached skill level 27 in Armour
    77 | D        | Reached skill level 27 in Unarmed Combat
    77 | D        | Reached skill level 27 in Spellcasting
    83 | D        | Reached XP level 23. HP: 219/219 MP: 29/54
   100 | D        | Gained mutation: Your magical and physical power is greatly
                  | enhanced at high health. [demonic ancestry]
   100 | D        | Reached XP level 24. HP: 227/227 MP: 34/54
   104 | D        | Gained mutation: Your movements are significantly less
                  | encumbered by armour. (ER -6) [demonic ancestry]
   104 | D        | Reached XP level 25. HP: 234/234 MP: 33/54
   108 | D        | Gained mutation: You are completely attuned to the shadows.
                  | [demonic ancestry]
   108 | D        | Reached XP level 26. HP: 235/242 MP: 28/54
   113 | D        | Noticed a destroyer
   116 | D        | Reached XP level 27. HP: 249/249 MP: 29/54
   119 | D        | Noticed a large bag of meat
   120 | D        | Killed a large bag of meat
   123 | D        | Killed a destroyer
   128 | D        | Noticed a large bag of meat
   130 | D        | Killed a large bag of meat
   201 | D        | Noticed a large bag of meat
   202 | D        | Noticed a destroyer
   204 | D        | Killed a large bag of meat
   208 | D        | Killed a destroyer
   210 | D        | Noticed a large bag of meat
   216 | D        | Killed a large bag of meat
   264 | D        | Noticed a destroyer
   268 | D        | Killed a destroyer
   304 | D        | Noticed The Meatlord
   311 | D        | Killed The Meatlord
   312 | D        | Got the Orb of Zot
   371 | D        | Noticed Ririas the pandemonium lord
   374 | D        | Killed Ririas the pandemonium lord
   386 | D        | Noticed Meimejuj the pandemonium lord
   390 | D        | Killed Meimejuj the pandemonium lord
   485 | D        | Noticed a large bag of meat
   489 | D        | Killed a large bag of meat
   859 | D        | Noticed Raklien the pandemonium lord
   863 | D        | Reached skill level 27 in Short Blades
   863 | D        | Reached skill level 27 in Long Blades
   863 | D        | Reached skill level 27 in Maces & Flails
   863 | D        | Reached skill level 27 in Polearms
   863 | D        | Reached skill level 27 in Staves
   863 | D        | Reached skill level 27 in Slings
   863 | D        | Reached skill level 27 in Bows
   863 | D        | Reached skill level 27 in Crossbows
   863 | D        | Reached skill level 27 in Shields
   863 | D        | Reached skill level 27 in Conjurations
   863 | D        | Reached skill level 27 in Hexes
   863 | D        | Reached skill level 27 in Charms
   863 | D        | Reached skill level 27 in Summonings
   863 | D        | Reached skill level 27 in Necromancy
   863 | D        | Reached skill level 27 in Translocations
   863 | D        | Reached skill level 27 in Transmutations
   863 | D        | Reached skill level 27 in Fire Magic
   863 | D        | Reached skill level 27 in Ice Magic
   863 | D        | Reached skill level 27 in Air Magic
   863 | D        | Reached skill level 27 in Earth Magic
   863 | D        | Reached skill level 27 in Poison Magic
   863 | D        | Reached skill level 27 in Evocations
   863 | D        | Killed Raklien the pandemonium lord
  1524 | D        | Noticed Suunn the pandemonium lord
  1526 | D        | Killed Suunn the pandemonium lord
  1924 | D        | Noticed Veuffido the pandemonium lord
  1927 | D        | Killed Veuffido the pandemonium lord
  1948 | D        | Noticed Quogg the pandemonium lord
  1954 | D        | Killed Quogg the pandemonium lord
  2475 | D        | Noticed Caog the pandemonium lord
  2478 | D        | Killed Caog the pandemonium lord
  2576 | D        | Noticed Puymmeb the pandemonium lord
  2580 | D        | Killed Puymmeb the pandemonium lord
  2788 | D        | Noticed Zunlaodd the pandemonium lord
  2790 | D        | Killed Zunlaodd the pandemonium lord
  2793 | D        | Noticed Kafo the pandemonium lord
  2797 | D        | Killed Kafo the pandemonium lord
  2836 | D        | Noticed Bucyclof the pandemonium lord
  2840 | D        | Killed Bucyclof the pandemonium lord
  2841 | D        | Gained mutation: Your magical capacity is low. (-10% MP) [a
                  | neqoxec]
  2993 | D        | Noticed Qavomaaw the pandemonium lord
  2996 | D        | Killed Qavomaaw the pandemonium lord
  3388 | D        | Gained mutation: Your spells are a little easier to cast,
                  | but a little less powerful. [a cacodemon]
  3468 | D        | Noticed Velem the pandemonium lord
  3489 | D        | Killed Velem the pandemonium lord
  3747 | D        | Paralysed by fainting for 5 turns
  3747 | D        | Gained mutation: Armour fits poorly on your strangely
                  | shaped body. [a neqoxec]
  3760 | D        | Escaped with the Orb!

Skill      XL: |  1  2  3  4  5  6  7  8  9 10 11 12 13 14 15 16 17 18 19 20 21 22 23 24 25 26 27 |
---------------+----------------------------------------------------------------------------------+-----
Fighting       | 14 16 18 19 22 23 25 27 | 27.0
Axes           | 13 15 17 18 20 22 23 26 27 | 27.0
Throwing       | 13 15 16 18 20 21 23 26 27 | 27.0
Dodging        | 13 15 17 18 20 22 23 26 27 | 27.0
Armour         | 11 16 20 25 27 | 27.0
Stealth        | 12 18 22 27 | 27.0
Unarmed Combat | 11 16 20 25 27 | 27.0
Spellcasting   | 11 16 20 26 27 | 27.0
Invocations    | 15 22 27 | 27.0
Short Blades   | 27 | 27.0
Long Blades    | 27 | 27.0
Maces & Flails | 27 | 27.0
Polearms       | 27 | 27.0
Staves         | 27 | 27.0
Slings         | 27 | 27.0
Bows           | 27 | 27.0
Crossbows      | 27 | 27.0
Shields        | 27 | 27.0
Conjurations   | 27 | 27.0
Hexes          | 27 | 27.0
Charms         | 27 | 27.0
Summonings     | 27 | 27.0
Necromancy     | 27 | 27.0
Translocations | 27 | 27.0
Transmutations | 27 | 27.0
Fire Magic     | 27 | 27.0
Ice Magic      | 27 | 27.0
Air Magic      | 27 | 27.0
Earth Magic    | 27 | 27.0
Poison Magic   | 27 | 27.0
Evocations     | 27 | 27.0

Action                   |  1- 3 |  4- 6 |  7- 9 | 10-12 | 13-15 | 16-18 | 19-21 | 22-24 | 25-27 || total
-------------------------+-------+-------+-------+-------+-------+-------+-------+-------+-------++-------
Melee: Executioner's axe |     1 |       |       |     1 |     5 |     5 |    10 |    10 |   293 ||   325
 Stab: Distracted        |       |       |       |       |       |       |       |       |     2 ||     2
  Eat: Chunk             |       |       |       |       |       |       |       |       |     3 ||     3
       Ration            |       |       |       |       |       |       |       |       |     1 ||     1
Armor: Plate armour      |       |       |       |       |       |       |       |       |   101 ||   101
Dodge: Dodged            |       |       |       |       |     1 |       |     2 |     4 |   327 ||   334
